 Dungeon Crawl Stone Soup version 0.32-a0-361-g289a535e89 (webtiles) character file.

Game seed: 8620126318710489891

11207 sleeves the Skirmisher (level 11, -1/70 HPs)
             Began as a Coglin Hexslinger on Feb 18, 2024.
             Was a High Priest of Okawaru.
             Killed by divine providence
             ... invoked by a meliai
              (12 damage)
             ... on level 11 of the Dungeon.
             The game lasted 00:34:34 (10808 turns).

sleeves the Skirmisher (Coglin Hexslinger)         Turns: 10808, Time: 00:34:35

Health: -1/70      AC:  5    Str:  9    XL:     11   Next: 74%
Magic:  9/14       EV: 22    Int: 11    God:    Okawaru [*****.]
Gold:   466        SH:  0    Dex: 20    Spells: 10/12 levels left

rFire   + . .        a - +1 sling {Epaminondas}
rCold   + . .        D - +0 sling {Gabriela}
rNeg    + . .        N - +1 robe {Will+}
rPois   .            x - +0 helmet
rElec   .            z - +0 cloak
rCorr   .            (no gloves)
SInv    .            (no boots)
Will    .....        (no amulet)
Stlth   +++          m - ring "Jucagaeg" {rF+ rC+ rN+ Int-2 Slay+3}
HPRegen 0.31/turn    u - +4 ring of slaying
MPRegen 0.14/turn

%: no passive effects
@: lethally poisoned (-1 -> -4), about to teleport, weak-willed, heroic, jinxed,
revving, stiff-legged, very slow
A: off-hand wielding, slow wielding, warmup strikes, warmup strides
a: Renounce Religion, Heroism, Finesse, Duel


You were on level 11 of the Dungeon.
You worshipped Okawaru.
Okawaru was extremely pleased with you.
You visited 1 branch of the dungeon, and saw 13 of its levels.

You collected 466 gold pieces.

Inventory:

Hand Weapons
 a - a +1 sling (weapon) {Epaminondas}
 e - a +1 short sword of freezing
   (You took it off a kobold on level 1 of the Dungeon)
 o - a +1 dagger of venom
   (You took it off a goblin on level 2 of the Dungeon)
 D - a +0 sling (worn) {Gabriela}
   (You found it on level 2 of the Dungeon)
 J - a +4 short sword of electrocution
   (You took it off Duvessa on level 6 of the Dungeon)
 M - a +0 short sword of electrocution
   (You took it off an orc warrior on level 7 of the Dungeon)
Missiles
 K - a throwing net
Armour
 x - a +0 helmet (worn)
   (You took it off Robin on level 4 of the Dungeon)
 z - a +0 cloak (worn)
   (You found it on level 5 of the Dungeon)
 N - a +1 robe of willpower (worn)
   (You took it off Jeremiah on level 7 of the Dungeon)
Jewellery
 m - the ring "Jucagaeg" (left grasper) {rF+ rC+ rN+ Int-2 Slay+3}
   (You found it on level 2 of the Dungeon)

   [ring of protection from cold]

   Int-2:     It affects your intelligence (-2).
   Slay+3:    It affects your accuracy & damage with ranged weapons and melee
   (+3).
   rF+:       It protects you from fire.
   rC+:       It protects you from cold.
   rN+:       It protects you from negative energy.
 q - a ring of positive energy
   (You found it on level 3 of the Dungeon)
 u - a +4 ring of slaying (right grasper)
   (You took it off a kobold on level 4 of the Dungeon)
 w - a +6 ring of intelligence
   (You found it on level 4 of the Dungeon)
Wands
 t - a wand of flame (23)
   (You took it off Ijyb on level 4 of the Dungeon)
 L - a wand of mindburst (15)
   (You took it off a gnoll on level 7 of the Dungeon)
 Q - a wand of iceblast (11)
   (You took it off a gnoll on level 8 of the Dungeon)
Scrolls
 f - a scroll of brand weapon {unknown}
 h - 2 scrolls of vulnerability
 i - 4 scrolls of identify
 k - a scroll of enchant armour {unknown}
 p - 3 scrolls of noise {unknown}
 r - a scroll of amnesia {unknown}
 s - 3 scrolls of teleportation
 y - a scroll of fear {unknown}
 A - 2 scrolls of fog {unknown}
 F - 2 scrolls of blinking {unknown}
 H - 2 scrolls of revelation {unknown}
 O - a scroll of summoning {unknown}
 P - a scroll of immolation {unknown}
 R - a scroll of enchant weapon {unknown}
Potions
 c - 2 potions of ambrosia {unknown}
 d - a potion of heal wounds
 g - a potion of brilliance {unknown}
 j - 3 potions of curing {unknown}
 l - 3 potions of haste {unknown}
 n - 2 potions of lignification {unknown}
 v - a potion of enlightenment {unknown}
 B - 2 potions of attraction {unknown}
 C - a potion of resistance {unknown}
 E - a potion of mutation {unknown}
 G - a potion of degeneration {unknown}
 I - a potion of invisibility {unknown}


   Skills:
 - Level 1.0(6.0) Fighting
 + Level 13.5(18.5) Ranged Weapons
 + Level 8.9(13.9) Dodging
 - Level 1.0 Spellcasting
 - Level 2.6 Hexes
 - Level 0.8 Fire Magic
 + Level 4.5 Invocations


You had 10 spell levels left.
You knew the following spells:

 Your Spells              Type           Power      Damage    Failure   Level
a - Jinxbite              Hex            12%        N/A       16%         2

Your spell library contained the following spells:

 Spells                   Type           Power      Damage    Failure   Level
 Sigil of Binding         Hex            6%         N/A       32%         3
 Inner Flame              Hex/Fire       4%         N/A       43%         3
 Cause Fear               Hex            3%         N/A       71%         4
 Anguish                  Hex/Necr       1%         N/A       88%         4
 Dimensional Bullseye     Hex/Tloc       1%         N/A       88%         4
 Iskenderun's Mystic Bla  Conj/Tloc      0%         2d3       97%         4
 Vhi's Electric Charge    Tloc/Air       0%         N/A       97%         4
 Lee's Rapid Deconstruct  Erth           0%         3d4*      100%        5
 Enfeeble                 Hex            3%         N/A       100%        7
 Tukima's Dance           Hex            Unusable   N/A       N/A         3
 Animate Armour           Summ/Erth      Unusable   N/A       N/A         4
 Summon Lightning Spire   Summ/Air       Unusable   N/A       N/A         4

Dungeon Overview and Level Annotations

Branches:
Dungeon (13/15)            Temple (0/1) D:7
   Lair: D:8-11         Orc: D:9-12      Vaults: D:13-14

Altars:
Ashenzari
Cheibriados
Dithmenos
Elyvilon
Gozag
Hepliaklqana
Kikubaaqudgha
Makhleb
Nemelex Xobeh
Okawaru
Sif Muna
Uskayaw
Xom
The Shining One

Shops:
D:6 *   D:7 *

Annotations:
D:4 exclusion: black bear
D:7 2 runed translucent doors
D:8 3 runed translucent doors, jasper's ghost, journeyman GnFi
D:9 2 runed translucent doors, jamsaran's ghost, novice DgFE


Innate Abilities, Weirdness & Mutations

You can wield a second weapon in your off-hand.
It takes a long time for you to wield or remove held weapons.
Your first few attacks do less damage.
Your first movements take longer.


Message History

You kill the fire bat!
Okawaru accepts your kill.
You shoot a sling bullet.
The sling bullet closely misses the wraith.
The megabat hits you.
Fire: a) +1 sling {Epaminondas}
Press: ? - help, Q - select action, (/) - cycle Shift-Dir - straight line, f/p - wraith
Aim: a wraith (lightly damaged, 73% to hit)
You shoot a sling bullet. The sling bullet hits the megabat!
You kill the megabat!
Okawaru accepts your kill.
You shoot a sling bullet.
The sling bullet barely misses the wraith.
Fire: a) +1 sling {Epaminondas}
Press: ? - help, Q - select action, (/) - cycle Shift-Dir - straight line, f/p - wraith
Aim: a wraith (lightly damaged, 73% to hit)
You shoot a sling bullet.
The sling bullet barely misses the wraith.
You shoot a sling bullet. The sling bullet hits the wraith.
The wraith is lightly damaged.
Fire: a) +1 sling {Epaminondas}
Press: ? - help, Q - select action, (/) - cycle Shift-Dir - straight line, f/p - wraith
Aim: a wraith (lightly damaged, 73% to hit)
You shoot a sling bullet. The sling bullet hits the wraith.
The wraith is moderately damaged.
You shoot a sling bullet. The sling bullet hits the wraith.
The wraith is heavily damaged.
The wraith hits you but does no damage.
Fire: a) +1 sling {Epaminondas}
Press: ? - help, Q - select action, (/) - cycle Shift-Dir - straight line, f/p - wraith
Aim: a wraith (heavily damaged, 73% to hit)
You shoot a sling bullet. The sling bullet hits the wraith.
The wraith is heavily damaged.
You shoot a sling bullet. The sling bullet hits the wraith.
The wraith is severely damaged.
The wraith hits you!
Fire: a) +1 sling {Epaminondas}
Press: ? - help, Q - select action, (/) - cycle Shift-Dir - straight line, f/p - wraith
Aim: a wraith (severely damaged, 73% to hit)
You shoot a sling bullet. The sling bullet hits the wraith.
The wraith is almost destroyed.
You shoot a sling bullet.
The sling bullet closely misses the wraith.
Fire: a) +1 sling {Epaminondas}
Press: ? - help, Q - select action, (/) - cycle Shift-Dir - straight line, f/p - wraith
Aim: a wraith (almost destroyed, 73% to hit)
You shoot a sling bullet.
The sling bullet closely misses the wraith.
You shoot a sling bullet. The sling bullet hits the wraith!
You destroy the wraith!
Okawaru accepts your kill.
There is an open door, spattered with blood here.
You see here a bat corpse.
There is a dry fountain here.
There is an open door, spattered with blood here.
You see here a bat corpse.
You open the door.
A megabat comes into view.
Found a broken altar of Ashenzari.
A megabat is nearby!
You shoot a sling bullet. The sling bullet hits the megabat!
You kill the megabat!
You shoot a sling bullet.
There is an open door here.
There is an open door here.
You open the door.
A megabat comes into view.
Found a shimmering blue altar of Sif Muna.
You shoot a sling bullet. The sling bullet hits the megabat!
You kill the megabat!
You shoot a sling bullet.
There is an open door here.
There is an open door here.
As you open the door, it creaks loudly!
A shadow comes into view.
Fire: a) +1 sling {Epaminondas}
Press: ? - help, Q - select action, (/) - cycle Shift-Dir - straight line, f - shadow
Aim: a shadow (73% to hit)
You shoot a sling bullet.
The sling bullet closely misses the shadow.
You shoot a sling bullet. The sling bullet hits the shadow.
The shadow is lightly damaged.
Fire: a) +1 sling {Epaminondas}
Press: ? - help, Q - select action, (/) - cycle Shift-Dir - straight line, f/p - shadow
Aim: a shadow (lightly damaged, 73% to hit)
You shoot a sling bullet.
The sling bullet hits the shadow but does no damage.
The shadow is lightly damaged.
You shoot a sling bullet. The sling bullet hits the shadow!
The shadow is heavily damaged.
Fire: a) +1 sling {Epaminondas}
Press: ? - help, Q - select action, (/) - cycle Shift-Dir - straight line, f/p - shadow
Aim: a shadow (heavily damaged, 73% to hit)
You shoot a sling bullet. The sling bullet hits the shadow!
The shadow is severely damaged.
You shoot a sling bullet.
The sling bullet barely misses the shadow.
Fire: a) +1 sling {Epaminondas}
Press: ? - help, Q - select action, (/) - cycle Shift-Dir - straight line, f/p - shadow
Aim: a shadow (severely damaged, 73% to hit)
You shoot a sling bullet. The sling bullet hits the shadow.
The shadow is severely damaged.
You shoot a sling bullet. The sling bullet hits the shadow!
You destroy the shadow!
Okawaru accepts your kill.
There is an open door here.
There is an open door here.
You open the door.
A shadow comes into view.
Fire: a) +1 sling {Epaminondas}
Press: ? - help, Q - select action, (/) - cycle Shift-Dir - straight line, f - shadow
Aim: a shadow (dormant, 98% to hit)
You shoot a sling bullet. The sling bullet hits the shadow.
The shadow is lightly damaged.
You shoot a sling bullet.
The sling bullet hits the shadow but does no damage.
The shadow is lightly damaged.
Fire: a) +1 sling {Epaminondas}
Press: ? - help, Q - select action, (/) - cycle Shift-Dir - straight line, f/p - shadow
Aim: a shadow (lightly damaged, 73% to hit)
You shoot a sling bullet. The sling bullet hits the shadow.
The shadow is moderately damaged.
You shoot a sling bullet. The sling bullet hits the shadow.
The shadow is heavily damaged.
Fire: a) +1 sling {Epaminondas}
Press: ? - help, Q - select action, (/) - cycle Shift-Dir - straight line, f/p - shadow
Aim: a shadow (heavily damaged, 73% to hit)
You shoot a sling bullet.
The sling bullet barely misses the shadow.
You shoot a sling bullet. The sling bullet hits the shadow!
The shadow is almost destroyed.
Fire: a) +1 sling {Epaminondas}
Press: ? - help, Q - select action, (/) - cycle Shift-Dir - straight line, f/p - shadow
Aim: a shadow (almost destroyed, 73% to hit)
You shoot a sling bullet. The sling bullet hits the shadow.
You destroy the shadow!
Okawaru accepts your kill.
You shoot a sling bullet.
There is an open door here.
There is an open door here.
There is an open door here.
There is a shimmering altar of Xom here.
Things that are here:
a +0 orcbow; a +0 whip A yak comes into view.
A yak is nearby!
A yak is nearby!
You shoot a sling bullet. The sling bullet hits the yak.
The yak bellows!
The yak is lightly wounded.
You shoot a sling bullet.
The sling bullet hits the yak but does no damage.
The yak is lightly wounded.
You hear a bellow! x5
You shoot a sling bullet.
The sling bullet hits the yak but does no damage.
The yak is lightly wounded.
You shoot a sling bullet. The sling bullet hits the yak!
The yak is moderately wounded.
You hear a bellow!
You shoot a sling bullet. The sling bullet hits the yak!
The yak is heavily wounded.
You shoot a sling bullet. The sling bullet hits the yak.
The yak is severely wounded.
You shoot a sling bullet. The sling bullet hits the yak!
The yak is almost dead.
You shoot a sling bullet. The sling bullet barely misses the yak.
You shoot a sling bullet. The sling bullet barely misses the yak.
You shoot a sling bullet. The sling bullet hits the yak.
The yak is almost dead.
You shoot a sling bullet. The sling bullet hits the yak.
You kill the yak!
Okawaru accepts your kill.
You shoot a sling bullet.
A yak comes into view.
You shoot a sling bullet. The sling bullet hits the yak.
The yak is lightly wounded.
You shoot a sling bullet. The sling bullet hits the yak.
The yak is lightly wounded.
You shoot a sling bullet. The sling bullet barely misses the yak.
You shoot a sling bullet. The sling bullet hits the yak.
The yak is moderately wounded.
You shoot a sling bullet. The sling bullet hits the yak!
The yak is heavily wounded.
You shoot a sling bullet. The sling bullet hits the yak!
The yak is severely wounded.
You shoot a sling bullet. The sling bullet barely misses the yak.
You shoot a sling bullet. The sling bullet hits the yak!
The yak is almost dead.
A yak comes into view.
You shoot a sling bullet.
The sling bullet completely misses the yak.
You shoot a sling bullet. The yak bellows!
The sling bullet hits the yak.
The yak is almost dead.
You hear a bellow!
You shoot a sling bullet. The sling bullet hits the yak!
You kill the yak!
Okawaru accepts your kill.
You shoot a sling bullet. You shoot a sling bullet.
The sling bullet hits the yak!
The yak is moderately wounded.
You shoot a sling bullet. The sling bullet hits the yak!
The yak is heavily wounded.
A yak comes into view.
You shoot a sling bullet. The yak bellows!
The sling bullet hits the yak.
The yak is severely wounded.
You shoot a sling bullet. The sling bullet hits the yak!
The yak is almost dead.
You hear a bellow!
You shoot a sling bullet. The sling bullet hits the yak.
The yak is almost dead.
You shoot a sling bullet. The sling bullet hits the yak.
You kill the yak!
Okawaru accepts your kill.
You shoot a sling bullet. The sling bullet hits the yak!
The yak is lightly wounded.
You shoot a sling bullet. The sling bullet hits the yak.
The yak is moderately wounded.
A yak comes into view.
You shoot a sling bullet. The sling bullet hits the yak!
The yak is heavily wounded.
You shoot a sling bullet. The sling bullet hits the yak!
The yak is severely wounded.
A yak comes into view.
You shoot a sling bullet.
The sling bullet hits the yak but does no damage.
The yak is severely wounded.
You shoot a sling bullet. The sling bullet hits the yak.
The yak is severely wounded.
You shoot a sling bullet.
The sling bullet hits the yak but does no damage.
The yak is severely wounded.
You shoot a sling bullet. The sling bullet hits the yak.
The yak is almost dead.
The yak gores you but does no damage.
You shoot a sling bullet. The sling bullet hits the yak.
The yak is almost dead.
You shoot a sling bullet. The sling bullet hits the yak!
You kill the yak!
Okawaru accepts your kill.
You shoot a sling bullet. The sling bullet barely misses the yak.
You shoot a sling bullet.
The sling bullet hits the yak but does no damage.
You shoot a sling bullet. The sling bullet hits the yak.
The yak is lightly wounded.
You shoot a sling bullet.
The sling bullet completely misses the yak.
The yak barely misses you.
You shoot a sling bullet. The sling bullet hits the yak!
The yak is moderately wounded.
You shoot a sling bullet. The sling bullet hits the yak.
The yak is moderately wounded.
You shoot a sling bullet.
The sling bullet closely misses the yak.
You shoot a sling bullet. The sling bullet barely misses the yak.
The yak barely misses you. The yak gores you!
You shoot a sling bullet. The sling bullet hits the yak.
The yak is moderately wounded.
You shoot a sling bullet. The sling bullet hits the yak.
The yak is heavily wounded.
You shoot a sling bullet. The sling bullet barely misses the yak.
You shoot a sling bullet. The sling bullet hits the yak.
The yak is heavily wounded.
The yak barely misses you. The yak gores you!
You shoot a sling bullet. The sling bullet hits the yak.
The yak is severely wounded.
You shoot a sling bullet. The sling bullet hits the yak.
The yak is severely wounded.
The yak gores you! The yak completely misses you.
You are too injured to fight recklessly!
You are too injured to fight recklessly!
You are too injured to fight recklessly!
Fire: a) +1 sling {Epaminondas}
Press: ? - help, Q - select action, (/) - cycle Shift-Dir - straight line, f/p - yak
Aim: a yak (severely wounded, 80% to hit)
You shoot a sling bullet. The sling bullet hits the yak.
The yak is almost dead.
You shoot a sling bullet. The sling bullet hits the yak!
You kill the yak!
Okawaru accepts your kill.
Fire: a) +1 sling {Epaminondas}
Press: ? - help, Q - select action, (/) - cycle Shift-Dir - straight line, f - yak
Aim: a yak (80% to hit)
You shoot a sling bullet. The sling bullet barely misses the yak.
You shoot a sling bullet. The sling bullet hits the yak!
The yak is moderately wounded.
The yak gores you.
Fire: a) +1 sling {Epaminondas}
Press: ? - help, Q - select action, (/) - cycle Shift-Dir - straight line, f/p - yak
Aim: a yak (moderately wounded, 80% to hit)
You shoot a sling bullet. The sling bullet hits the yak.
The yak is heavily wounded.
You shoot a sling bullet. The sling bullet hits the yak!
The yak is severely wounded.
The yak gores you!
* * * LOW HITPOINT WARNING * * *
Fire: a) +1 sling {Epaminondas}
Press: ? - help, Q - select action, (/) - cycle Shift-Dir - straight line, f/p - yak
Aim: a yak (severely wounded, 80% to hit)
You shoot a sling bullet.
The sling bullet hits the yak but does no damage.
The yak is severely wounded.
You shoot a sling bullet. The sling bullet hits the yak.
The yak is almost dead.
The yak gores you.
* * * LOW HITPOINT WARNING * * *
Fire: a) +1 sling {Epaminondas}
Press: ? - help, Q - select action, (/) - cycle Shift-Dir - straight line, f/p - yak
Aim: a yak (almost dead, 80% to hit)
You shoot a sling bullet.
The sling bullet hits the yak but does no damage.
The yak is almost dead.
You shoot a sling bullet. The sling bullet hits the yak!
You kill the yak!
Okawaru accepts your kill.
Things that are here:
a yak corpse; a yak corpse; a yak corpse
Found a stone staircase leading up.
You see here a staff of conjuration.
There is an open door here.
There is an open door here.
There is an open door here.
There is a glowing golden altar of the Shining One here.
You open the door.
Found a phantom mirror.
There is an open door here.
Could not explore, unopened runed door.
Press: ? - help, v - describe, . - travel, g - get item Item here: a blackened onyx ring.
The floor.
Could not explore, unopened runed door.
Could not explore, unopened runed door.
There is an open door here.
There is a glowing golden altar of the Shining One here.
There is an open door here.
There is an open door here.
Jamsaran's ghost turns its malevolent gaze towards you.
Jamsaran's ghost says, "To die, to sleep, no more."
There is a stone staircase leading down here.
You climb downwards.
Found a stone staircase leading up.
There is a stone staircase leading up here.
A two-headed ogre is nearby!
Fire: a) +1 sling {Epaminondas}
Press: ? - help, Q - select action, (/) - cycle Shift-Dir - straight line, f - two-headed ogre
Aim: a two-headed ogre, wielding two +0 giant clubs (asleep, 98% to hit)
You shoot a sling bullet.
The sling bullet hits the two-headed ogre!
The two-headed ogre is lightly wounded.
You shoot a sling bullet.
The sling bullet hits the two-headed ogre.
The two-headed ogre is moderately wounded.
Fire: a) +1 sling {Epaminondas}
Press: ? - help, Q - select action, (/) - cycle Shift-Dir - straight line, f/p - two-headed ogre
Aim: a two-headed ogre, wielding two +0 giant clubs (moderately wounded, 82% to hit)
You shoot a sling bullet.
The sling bullet hits the two-headed ogre!
The two-headed ogre is heavily wounded.
You shoot a sling bullet.
The sling bullet hits the two-headed ogre.
The two-headed ogre is heavily wounded.
Fire: a) +1 sling {Epaminondas}
Press: ? - help, Q - select action, (/) - cycle Shift-Dir - straight line, f/p - two-headed ogre
Aim: a two-headed ogre, wielding two +0 giant clubs (heavily wounded, 82% to hit)
You shoot a sling bullet.
The sling bullet hits the two-headed ogre.
The two-headed ogre is heavily wounded.
You shoot a sling bullet.
The sling bullet hits the two-headed ogre but does no damage.
The two-headed ogre is heavily wounded.
Fire: a) +1 sling {Epaminondas}
Press: ? - help, Q - select action, (/) - cycle Shift-Dir - straight line, f/p - two-headed ogre
Aim: a two-headed ogre, wielding two +0 giant clubs (heavily wounded, 82% to hit)
You shoot a sling bullet.
The sling bullet hits the two-headed ogre!
The two-headed ogre is severely wounded.
You shoot a sling bullet.
The sling bullet hits the two-headed ogre.
The two-headed ogre is severely wounded.
Fire: a) +1 sling {Epaminondas}
Press: ? - help, Q - select action, (/) - cycle Shift-Dir - straight line, f/p - two-headed ogre
Aim: a two-headed ogre, wielding two +0 giant clubs (severely wounded, 82% to hit)
You shoot a sling bullet.
The sling bullet hits the two-headed ogre!
The two-headed ogre is almost dead.
You shoot a sling bullet.
The sling bullet barely misses the two-headed ogre.
Fire: a) +1 sling {Epaminondas}
Press: ? - help, Q - select action, (/) - cycle Shift-Dir - straight line, f/p - two-headed ogre
Aim: a two-headed ogre, wielding two +0 giant clubs (almost dead, 82% to hit)
You shoot a sling bullet.
The sling bullet hits the two-headed ogre.
You kill the two-headed ogre!
Okawaru accepts your kill.
You shoot a sling bullet.
An electric eel comes into view.
The electric eel shoots out a bolt of lightning at you!
The bolt of electricity hits you.
You shoot a sling bullet.
The sling bullet barely misses the electric eel.
You shoot a sling bullet. The sling bullet hits the electric eel!
The electric eel is severely wounded.
The electric eel shoots out a bolt of lightning at you!
The bolt of electricity hits you!
Fire: a) +1 sling {Epaminondas}
Press: ? - help, Q - select action, (/) - cycle Shift-Dir - straight line, f/p - electric eel
Aim: an electric eel (water, severely wounded, 60% to hit)
You shoot a sling bullet.
The sling bullet closely misses the electric eel.
You shoot a sling bullet.
The sling bullet misses the electric eel.
Fire: a) +1 sling {Epaminondas}
Press: ? - help, Q - select action, (/) - cycle Shift-Dir - straight line, f/p - electric eel
Aim: an electric eel (water, severely wounded, 60% to hit)
You shoot a sling bullet.
The sling bullet barely misses the electric eel.
You shoot a sling bullet.
The sling bullet barely misses the electric eel.
HP restored.
You now have 428 gold pieces (gained 15).
Found a stone staircase leading down.
Found a stone.
Found 2 curare-tipped darts.
Found 6 stones.
Found a burning altar of Makhleb.
Found an escape hatch in the floor.
Found a stone staircase leading up.
You now have 443 gold pieces (gained 15).
h - 3 scrolls labelled FAPIEVACHIN (gained 1) 2 wights come into view.
Found a robe.
The wight attacks as it pursues you! The wight closely misses you.
The wight attacks as it pursues you! The wight closely misses you.
There is a stone staircase leading up here.
The wight misses you.
You climb upwards.
Level annotation: 2 runed translucent doors, jamsaran's ghost, novice DgFE
There is a stone staircase leading down here.
Fire: a) +1 sling {Epaminondas}
Press: ? - help, Q - select action, (/) - cycle Shift-Dir - straight line, f - wight
Aim: a wight, wielding a +3 flail and wearing a +0 robe (73% to hit)
You shoot a sling bullet.
The sling bullet hits the wight but does no damage.
You shoot a sling bullet. The sling bullet hits the wight!
The wight is heavily damaged.
The wight hits you with a +3 flail. You partially resist.
You feel drained.
Fire: a) +1 sling {Epaminondas}
Press: ? - help, Q - select action, (/) - cycle Shift-Dir - straight line, f/p - wight
Aim: a wight, wielding a +3 flail and wearing a +0 robe (heavily damaged, 73% to hit)
You shoot a sling bullet. The sling bullet hits the wight!
You destroy the wight!
Okawaru accepts your kill.
You shoot a sling bullet.
HP restored.
Things that are here:
a +3 flail; a +0 robe
There is a stone staircase leading down here.
Things that are here:
a +0 whip; a +0 orcbow
There is a stone staircase leading down here.
You climb downwards.
There is a stone staircase leading up here.
A wight comes into view. It is wielding a +0 hand axe.
You shoot a sling bullet.
The sling bullet barely misses the wight.
You shoot a sling bullet.
The sling bullet closely misses the wight.
You shoot a sling bullet. The sling bullet hits the wight!
The wight is severely damaged.
You shoot a sling bullet. The sling bullet hits the wight.
The wight is almost destroyed.
You shoot a sling bullet. The sling bullet hits the wight!
You destroy the wight!
Okawaru accepts your kill.
You shoot a sling bullet.
Your life force feels restored.
HP restored.
A wight is nearby!
You shoot a sling bullet.
The sling bullet closely misses the wight.
You shoot a sling bullet. The sling bullet hits the wight.
The wight is moderately damaged.
You shoot a sling bullet. The sling bullet hits the wight.
The wight is heavily damaged.
You shoot a sling bullet. The sling bullet hits the wight.
The wight is severely damaged.
You shoot a sling bullet.
The sling bullet barely misses the wight.
You shoot a sling bullet. The sling bullet hits the wight.
The wight is almost destroyed.
You shoot a sling bullet.
The sling bullet closely misses the wight.
You shoot a sling bullet. The sling bullet hits the wight!
You destroy the wight!
Okawaru accepts your kill.
Your Invocations skill increases to level 4!
Magic restored.
Things that are here:
a +0 hand axe; a +0 robe
Things that are here:
a +3 spear; a +0 robe Maggie the Vainglorious comes into view.
She is wielding a +0 halberd of flaming.
Fire: a) +1 sling {Epaminondas}
Press: ? - help, Q - select action, (/) - cycle Shift-Dir - straight line, f - Maggie
Aim: Maggie, wielding a +0 halberd of flaming and wearing +0 acid dragon scales (asleep, 98% to hit)
You shoot a sling bullet.
The sling bullet hits Maggie but does no damage.
Maggie shouts!
You shoot a sling bullet.
The sling bullet hits Maggie but does no damage.
You hear an angry hiss.
Fire: a) +1 sling {Epaminondas}
Press: ? - help, Q - select action, (/) - cycle Shift-Dir - straight line, f/p - Maggie
Aim: Maggie, wielding a +0 halberd of flaming and wearing +0 acid dragon scales (73% to hit)
You shoot a sling bullet. The sling bullet hits Maggie.
Maggie is lightly wounded.
You shoot a sling bullet. The sling bullet closely misses Maggie.
Fire: a) +1 sling {Epaminondas}
Press: ? - help, Q - select action, (/) - cycle Shift-Dir - straight line, f/p - Maggie
Aim: Maggie, wielding a +0 halberd of flaming and wearing +0 acid dragon scales (lightly wounded, 73% to hit)
You shoot a sling bullet. The sling bullet hits Maggie.
Maggie is lightly wounded.
You shoot a sling bullet. The sling bullet hits Maggie!
Maggie is moderately wounded.
Fire: a) +1 sling {Epaminondas}
Press: ? - help, Q - select action, (/) - cycle Shift-Dir - straight line, f/p - Maggie
Aim: Maggie, wielding a +0 halberd of flaming and wearing +0 acid dragon scales (moderately wounded, 73% to hit)
You shoot a sling bullet. The sling bullet closely misses Maggie.
You shoot a sling bullet. The sling bullet barely misses Maggie.
Fire: a) +1 sling {Epaminondas}
Press: ? - help, Q - select action, (/) - cycle Shift-Dir - straight line, f/p - Maggie
Aim: Maggie, wielding a +0 halberd of flaming and wearing +0 acid dragon scales (moderately wounded, 73% to hit)
You shoot a sling bullet. The sling bullet hits Maggie!
Maggie is heavily wounded.
You shoot a sling bullet.
The sling bullet hits Maggie but does no damage.
Maggie is heavily wounded.
Maggie says, "Fear not.
I will immortalise you in the tale of my first kill."
Maggie points at you and mumbles some strange words.
The bolt of fire hits you! You resist.
Fire: a) +1 sling {Epaminondas}
Press: ? - help, Q - select action, (/) - cycle Shift-Dir - straight line, f/p - Maggie
Aim: Maggie, wielding a +0 halberd of flaming and wearing +0 acid dragon scales (heavily wounded, 73% to hit)
You shoot a sling bullet. The sling bullet hits Maggie!
Maggie is heavily wounded.
You shoot a sling bullet. The sling bullet closely misses Maggie.
Maggie mumbles some strange words.
Maggie attempts to bespell you! You resist with almost no effort.
Fire: a) +1 sling {Epaminondas}
Press: ? - help, Q - select action, (/) - cycle Shift-Dir - straight line, f/p - Maggie
Aim: Maggie, wielding a +0 halberd of flaming and wearing +0 acid dragon scales (heavily wounded, 73% to hit)
You shoot a sling bullet. The sling bullet hits Maggie.
Maggie is severely wounded.
You shoot a sling bullet. The sling bullet hits Maggie!
Maggie is almost dead.
Fire: a) +1 sling {Epaminondas}
Press: ? - help, Q - select action, (/) - cycle Shift-Dir - straight line, f/p - Maggie
Aim: Maggie, wielding a +0 halberd of flaming and wearing +0 acid dragon scales (almost dead, 73% to hit)
You shoot a sling bullet. The sling bullet hits Maggie!
You kill Maggie!
Okawaru is honoured by your kill.
You shoot a sling bullet.
A komodo dragon comes into view.
You shoot a sling bullet.
The sling bullet hits the komodo dragon but does no damage.
You shoot a sling bullet.
The sling bullet hits the komodo dragon!
The komodo dragon is lightly wounded.
You shoot a sling bullet.
The sling bullet hits the komodo dragon!
The komodo dragon is moderately wounded.
You shoot a sling bullet.
The sling bullet barely misses the komodo dragon.
You shoot a sling bullet.
The sling bullet closely misses the komodo dragon.
You shoot a sling bullet.
The sling bullet hits the komodo dragon.
The komodo dragon is moderately wounded.
You shoot a sling bullet.
The sling bullet hits the komodo dragon but does no damage.
The komodo dragon is moderately wounded.
You shoot a sling bullet.
The sling bullet hits the komodo dragon!
The komodo dragon is heavily wounded.
You shoot a sling bullet.
The sling bullet hits the komodo dragon!
The komodo dragon is severely wounded.
You shoot a sling bullet.
The sling bullet hits the komodo dragon but does no damage.
The komodo dragon is severely wounded.
You shoot a sling bullet.
The sling bullet hits the komodo dragon.
The komodo dragon is almost dead.
You shoot a sling bullet.
The sling bullet hits the komodo dragon.
The komodo dragon is almost dead.
You shoot a sling bullet.
The sling bullet hits the komodo dragon!
You kill the komodo dragon!
Okawaru accepts your kill. Okawaru grants you throwing weapons!
Something appears at your feet!
You shoot a sling bullet.
S - a javelin {god gift} You drop a javelin {god gift}.
There is a strange disturbance nearby!
Something hits you.
Deactivating autopickup; reactivate with Ctrl-A.
Something hits you.
There is a strange disturbance nearby!
Something hits you! Something hits you but does no damage.
Something hits you but does no damage.
Fire: a) +1 sling {Epaminondas}
Press: ? - help, Q - select action, (/) - cycle Shift-Dir - straight line You shoot a sling bullet. x2
Something hits you!
Okay, then.
The air fills with toxic fumes!
As you read the scroll of poison, it crumbles to dust.
Something hits you!
* * * LOW HITPOINT WARNING * * *
Fire: a) +1 sling {Epaminondas}
Press: ? - help, Q - select action, (/) - cycle Shift-Dir - straight line You shoot a sling bullet. x2
Something hits you.
* * * LOW HITPOINT WARNING * * *
Fire: a) +1 sling {Epaminondas}
Press: ? - help, Q - select action, (/) - cycle Shift-Dir - straight line You shoot a sling bullet. x2
Something closely misses you. Something hits you.
* * * LOW HITPOINT WARNING * * *
Fire: a) +1 sling {Epaminondas}
Press: ? - help, Q - select action, (/) - cycle Shift-Dir - straight line You shoot a sling bullet. x2
Something barely misses you.
Fire: a) +1 sling {Epaminondas}
Press: ? - help, Q - select action, (/) - cycle Shift-Dir - straight line You shoot a sling bullet.
Okawaru accepts your kill.
Reactivating autopickup.
You feel a bit more experienced.
You shoot a sling bullet.
You start resting.
HP restored.
Found 5 stones.
Found an escape hatch in the ceiling.
Things that are here:
a +0 halberd of flaming; +0 acid dragon scales; the human corpse of Maggie
Found 3 stones.
Found a stone staircase leading down.
A malevolent force fills the Dungeon...
You fall into a shaft and drop 3 floors!
The shaft crumbles and collapses.
Found a ring mail.
Found a stone staircase leading up.
Found a stone staircase leading down.
There is a stone staircase leading up here.
You climb upwards.
You hear a distant snort.
Hark!
There is a gateway to a gauntlet on this level.
Find the entrance quickly before the gate is sealed!
Found a stone staircase leading up.
There is a stone staircase leading down here.
There is a stone staircase leading up here.
You climb upwards.
Found a short sword.
There is a stone staircase leading down here.
You climb downwards.
You hear a distant snort.
Hark!
There is a gateway to a gauntlet on this level.
Find the entrance quickly before the gate is sealed!
There is a stone staircase leading up here.
Found 6 stones.
Found 23 gold pieces.
You now have 466 gold pieces (gained 23).
You hear the faint beating of a very distant drum.
A deep elf pyromancer comes into view.
It is wielding a +1 long sword of holy wrath.
Found a blade talisman.
A vampire mosquito comes into view.
The vampire mosquito buzzes angrily.
You hear an angry buzzing noise.
The vampire mosquito attacks as it pursues you!
The vampire mosquito bites you!
The vampire mosquito draws strength from your injuries!
The vampire mosquito bites you but does no damage.
Fire: a) +1 sling {Epaminondas}
Press: ? - help, Q - select action, (/) - cycle Shift-Dir - straight line, f - vampire mosquito
Aim: a vampire mosquito (60% to hit)
You shoot a sling bullet.
The sling bullet hits the vampire mosquito.
The vampire mosquito is moderately damaged.
You shoot a sling bullet.
The sling bullet closely misses the vampire mosquito.
The vampire mosquito bites you but does no damage.
Fire: a) +1 sling {Epaminondas}
Press: ? - help, Q - select action, (/) - cycle Shift-Dir - straight line, f/p - vampire mosquito
Aim: a vampire mosquito (moderately damaged, 60% to hit)
You shoot a sling bullet.
The sling bullet barely misses the vampire mosquito.
You shoot a sling bullet.
The sling bullet barely misses the vampire mosquito.
The vampire mosquito bites you.
The vampire mosquito draws strength from your injuries!
The vampire mosquito completely misses you.
Fire: a) +1 sling {Epaminondas}
Press: ? - help, Q - select action, (/) - cycle Shift-Dir - straight line, f/p - vampire mosquito
Aim: a vampire mosquito (lightly damaged, 60% to hit)
You shoot a sling bullet.
The sling bullet hits the vampire mosquito.
The vampire mosquito is lightly damaged.
You shoot a sling bullet.
The sling bullet closely misses the vampire mosquito.
The vampire mosquito bites you!
Fire: a) +1 sling {Epaminondas}
Press: ? - help, Q - select action, (/) - cycle Shift-Dir - straight line, f/p - vampire mosquito
Aim: a vampire mosquito (lightly damaged, 60% to hit)
You shoot a sling bullet.
The sling bullet hits the vampire mosquito!
The vampire mosquito is heavily damaged.
You shoot a sling bullet.
The sling bullet hits the vampire mosquito.
The vampire mosquito is severely damaged.
The vampire mosquito misses you.
Fire: a) +1 sling {Epaminondas}
Press: ? - help, Q - select action, (/) - cycle Shift-Dir - straight line, f/p - vampire mosquito
Aim: a vampire mosquito (severely damaged, 60% to hit)
You shoot a sling bullet.
The sling bullet hits the vampire mosquito.
The vampire mosquito is almost destroyed.
You shoot a sling bullet.
The sling bullet barely misses the vampire mosquito.
The vampire mosquito misses you. x2
Fire: a) +1 sling {Epaminondas}
Press: ? - help, Q - select action, (/) - cycle Shift-Dir - straight line, f/p - vampire mosquito
Aim: a vampire mosquito (almost destroyed, 60% to hit)
You shoot a sling bullet.
The sling bullet hits the vampire mosquito.
The vampire mosquito is almost destroyed.
You shoot a sling bullet.
The sling bullet completely misses the vampire mosquito.
The vampire mosquito bites you.
Fire: a) +1 sling {Epaminondas}
Press: ? - help, Q - select action, (/) - cycle Shift-Dir - straight line, f/p - vampire mosquito
Aim: a vampire mosquito (almost destroyed, 60% to hit)
You shoot a sling bullet.
The sling bullet closely misses the vampire mosquito.
You shoot a sling bullet.
The sling bullet hits the vampire mosquito!
You destroy the vampire mosquito!
Okawaru accepts your kill.
You see here a vampire mosquito corpse.
A gargoyle comes into view. It is wielding a +0 mace.
You see here a vampire mosquito corpse.
You hear the beating of a very distant drum.
The gargoyle hurls a stone arrow at you.
The stone arrow hits you.
There is a stone staircase leading up here.
You climb upwards.
There is a stone staircase leading down here.
HP restored.
Found a robe.
You see here a +0 short sword.
You open the door.
There is an open door here.
A centaur comes into view.
You shoot a sling bullet. The sling bullet hits the centaur.
The centaur is lightly wounded.
You shoot a sling bullet.
The sling bullet hits the centaur but does no damage.
The centaur is lightly wounded.
You hear a shout!
The centaur wields a +0 shortbow.
The centaur shoots an arrow.
The arrow barely misses you.
You shoot a sling bullet. The sling bullet hits the centaur.
The centaur is moderately wounded.
You shoot a sling bullet. The sling bullet hits the centaur!
The centaur is severely wounded.
The centaur shoots an arrow.
The arrow barely misses you.
You shoot a sling bullet. The sling bullet hits the centaur!
You kill the centaur!
Okawaru accepts your kill.
You shoot a sling bullet.
An orc wizard comes into view. It is wielding a +0 dagger.
The orc wizard attacks as it pursues you!
The orc wizard misses you.
The orc wizard hits you but does no damage.
The orc wizard attacks as it pursues you!
The orc wizard completely misses you.
There is an open door here.
Fire: a) +1 sling {Epaminondas}
Press: ? - help, Q - select action, (/) - cycle Shift-Dir - straight line, f - orc wizard
Aim: an orc wizard, wielding a +0 dagger and wearing a +0 robe (68% to hit)
You shoot a sling bullet. The sling bullet hits the orc wizard.
The orc wizard is moderately wounded.
You shoot a sling bullet. The sling bullet hits the orc wizard!
The orc wizard is almost dead.
The orc wizard gestures wildly while chanting.
The orc wizard flickers and vanishes!
Deactivating autopickup; reactivate with Ctrl-A.
Fire: a) +1 sling {Epaminondas}
Press: ? - help, Q - select action, (/) - cycle Shift-Dir - straight line, f - you Really target yourself? [Y]es or [N]o only, please.
Really target yourself? [Y]es or [N]o only, please.
Really target yourself?
Okay, then.
Fire: a) +1 sling {Epaminondas}
Press: ? - help, Q - select action, (/) - cycle Shift-Dir - straight line, f - you You shoot a sling bullet. x2
You hear some strange, mumbled words.
A puff of flame appears from out of thin air!
The puff of flame hits you. You resist.
Fire: a) +1 sling {Epaminondas}
Press: ? - help, Q - select action, (/) - cycle Shift-Dir - straight line, f - you You shoot a sling bullet. x2
Fire: a) +1 sling {Epaminondas}
Press: ? - help, Q - select action, (/) - cycle Shift-Dir - straight line, f - you You shoot a sling bullet.
Okawaru accepts your kill.
Reactivating autopickup.
You feel a bit more experienced.
You shoot a sling bullet. You open the door.
There is an open door here.
There is an open door here.
There is a stone staircase leading down here.
You see here a +0 robe. 2 killer bees come into view.
The killer bee buzzes angrily.
You hear an angry buzzing noise.
A killer bee comes into view. x2
The killer bee is sucked into a shaft!
The shaft crumbles and collapses.
Fire: a) +1 sling {Epaminondas}
Press: ? - help, Q - select action, (/) - cycle Shift-Dir - straight line, f - killer bee
Aim: a killer bee (53% to hit)
You shoot a sling bullet. The sling bullet hits the killer bee.
The killer bee is moderately wounded.
You shoot a sling bullet. The sling bullet hits the killer bee!
The killer bee is almost dead.
Fire: a) +1 sling {Epaminondas}
Press: ? - help, Q - select action, (/) - cycle Shift-Dir - straight line, f/p - killer bee
Aim: a killer bee (almost dead, 53% to hit)
You shoot a sling bullet.
The sling bullet closely misses the killer bee.
You shoot a sling bullet. The sling bullet hits the killer bee!
You kill the killer bee!
Okawaru accepts your kill.
A killer bee comes into view.
The killer bee moves out of view.
You see here a killer bee corpse.
A killer bee comes into view.
The killer bee buzzes angrily. x2
The killer bee moves out of view.
The killer bee buzzes angrily.
Fire: a) +1 sling {Epaminondas}
Press: ? - help, Q - select action, (/) - cycle Shift-Dir - straight line, f - killer bee
Aim: a killer bee (53% to hit)
You shoot a sling bullet. The sling bullet hits the killer bee!
The killer bee is heavily wounded.
You shoot a sling bullet. The sling bullet hits the killer bee.
The killer bee is almost dead.
A meliai comes into view. It is wielding a +0 war axe.
Fire: a) +1 sling {Epaminondas}
Press: ? - help, Q - select action, (/) - cycle Shift-Dir - straight line, f/p - killer bee
Aim: a killer bee (almost dead, 53% to hit)
You shoot a sling bullet. The meliai buzzes angrily.
The sling bullet hits the killer bee!
You kill the killer bee!
Okawaru accepts your kill.
You shoot a sling bullet.
You gain the combat prowess of a mighty hero.
The meliai calls down the wrath of its god upon you.
Something smites you! The killer bee completely misses you.
The killer bee barely misses you.
You hear an angry buzzing noise.
Fire: a) +1 sling {Epaminondas}
Press: ? - help, Q - select action, (/) - cycle Shift-Dir - straight line, f - meliai
Aim: a meliai, wielding a +0 war axe and wearing a +0 chain mail (72% to hit)
You shoot a sling bullet. The sling bullet hits the killer bee.
The killer bee is moderately wounded.
You shoot a sling bullet. The sling bullet hits the killer bee!
You kill the killer bee!
Okawaru accepts your kill. The meliai hits you with a +0 war axe!
The meliai completely misses you.
Fire: a) +1 sling {Epaminondas}
Press: ? - help, Q - select action, (/) - cycle Shift-Dir - straight line, f/p - meliai
Aim: a meliai, wielding a +0 war axe and wearing a +0 chain mail (72% to hit)
You shoot a sling bullet. The sling bullet hits the meliai.
The meliai is lightly wounded.
You shoot a sling bullet.
The sling bullet barely misses the meliai.
The sling bullet misses the killer bee.
The meliai hits you with a +0 war axe!
* * * LOW HITPOINT WARNING * * *
The meliai stings you.
* * * LOW HITPOINT WARNING * * *
You are poisoned.
The meliai poisons you!
Okay, then.
Casting: Jinxbite (safe; 16% risk of failure)
Confirm with . or Enter, or press ? or * to list all spells.
You beckon some vexing sprites to accompany your attacks.
You feel your willpower being sapped.
You feel very sick.
The meliai barely misses you. x2; The meliai misses you.
The meliai stings you but does no damage.
Unknown command.
Unknown command.
Casting: Jinxbite (safe; 16% risk of failure)
Confirm with . or Enter, or press ? or * to list all spells.
You beckon more vexing sprites to accompany your attacks.
You feel your willpower being sapped.
You feel very sick. The meliai hits you with a +0 war axe!!
* * * LOW HITPOINT WARNING * * *
The meliai barely misses you. x2; The meliai misses you.
Unknown command.
Unknown command.
Unknown command.
It was a potion of heal wounds.
You feel much better.
You feel sick. The meliai completely misses you. The meliai misses you. x2
The meliai closely misses you.
Okay, then.
You feel much better.
You feel sick. The meliai completely misses you. The meliai stings you.
You are more poisoned.
The meliai poisons you! The meliai closely misses you. The meliai stings you!
* * * LOW HITPOINT WARNING * * *
A meliai comes into view. It is wielding a +0 war axe.
Fire: a) +1 sling {Epaminondas}
Press: ? - help, Q - select action, (/) - cycle Shift-Dir - straight line, f/p - meliai
Aim: a meliai, wielding a +0 war axe and wearing a +0 chain mail (lightly wounded, chance to call a sprite on attack: 39%, 72% to hit)
You shoot a sling bullet. The sling bullet hits the meliai.
The meliai is lightly wounded.
You shoot a sling bullet.
The sling bullet hits the meliai but does no damage.
The meliai is lightly wounded.
A giggling sprite leaps out and smacks the meliai with its own antenna.
The meliai is moderately wounded.
You feel very sick. The meliai hits you with a +0 war axe.
* * * LOW HITPOINT WARNING * * *
The meliai stings you.
* * * LOW HITPOINT WARNING * * *
The meliai hits you with a +0 war axe!
* * * LOW HITPOINT WARNING * * *
The meliai barely misses you.
A meliai comes into view. It is wielding a +0 war axe.
You feel much better.
You feel very sick.
The meliai invokes the aid of its god against you.
Something smites you!
* * * LOW HITPOINT WARNING * * *
The meliai misses you. x2
Fire: a) +1 sling {Epaminondas}
Press: ? - help, Q - select action, (/) - cycle Shift-Dir - straight line, f/p - meliai
Aim: a meliai, wielding a +0 war axe and wearing a +0 chain mail (moderately wounded, lightly drained, chance to call a sprite on attack: 45%, 72% to hit)
You shoot a sling bullet. The sling bullet hits the meliai.
The meliai is heavily wounded.
You shoot a sling bullet. The sling bullet hits the meliai!
The meliai is almost dead.
A giggling sprite leaps out and smacks the meliai with its own antenna.
The meliai is almost dead.
* * * LOW HITPOINT WARNING * * *
You feel sick. The meliai completely misses you. The meliai misses you.
Fire: a) +1 sling {Epaminondas}
Press: ? - help, Q - select action, (/) - cycle Shift-Dir - straight line, f/p - meliai
Aim: a meliai, wielding a +0 war axe and wearing a +0 chain mail (almost dead, heavily drained, chance to call a sprite on attack: 50%, 72% to hit)
You shoot a sling bullet. The sling bullet hits the meliai!
You kill the meliai!
Okawaru is honoured by your kill.
You shoot a sling bullet. The sling bullet hits the killer bee.
The killer bee is moderately wounded.
* * * LOW HITPOINT WARNING * * *
You feel very sick.
As you read the scroll labelled WISAFOI OKKUCS, it crumbles to dust.
It is a scroll of identify.
s - 4 scrolls of teleportation
* * * LOW HITPOINT WARNING * * *
You feel very sick. The killer bee completely misses you.
The killer bee closely misses you.
You feel much better.
You feel sick. The killer bee barely misses you. The killer bee misses you.
As you read the scroll of teleportation, it crumbles to dust.
You feel strangely unstable.
You feel sick. The killer bee misses you. The killer bee completely misses you.
The meliai invokes the aid of its god against you.
Something smites you!
* * * LOW HITPOINT WARNING * * *
As you read the scroll labelled FAPIEVACHIN, it crumbles to dust.
A wave of despondency washes over your surroundings.
It was a scroll of vulnerability.
You feel sick.
The meliai mumbles some strange prayers to its god against you.
Something smites you!
You die...

. ....#.#.#.#[#
######.#...#.#.#.#
....##.# # #.#.#.#
###.# ..#.#.# ###
###.#.# ..# #.#
### #†# ..# #.# #+
#@# #y# #y# #y#
.y# ...# #.### .y
...


You could see 2 meliai and 2 killer bees.

Vanquished Creatures
  A two-headed ogre (D:10)
  A meliai (D:11)
  Maggie (D:10)
  An unseen horror (D:10)
  Jeremiah (D:7)
  A komodo dragon (D:10)
  A hornet (D:9)
  2 shadows (D:9)
  2 fire bats (D:9)
  A wyvern (D:9)
  20 yaks
  4 wraiths
  A steam dragon (D:8)
  A vampire mosquito (D:12)
  Duvessa (D:6)
  4 orc warriors
  A black bear (D:6)
  5 ogres
  9 centaurs
  4 bullfrogs
  3 kobold brigands (D:8)
  Blork the orc (D:4)
  2 scorpions (D:5)
  3 wights
  Dowan (D:6)
  9 killer bees
  3 electric eels (D:8)
  A howler monkey (D:2)
  A bombardier beetle (D:3)
  2 bullfrog zombies (D:4)
  4 hounds
  3 orc priests
  3 gnoll boudas
  A jelly (D:8)
  4 iguanas
  3 scorpion zombies (D:4)
  A sleepcap (D:5)
  Ijyb (D:4)
  10 orc wizards
  A hound skeleton (D:4)
  A howler monkey zombie (D:4)
  Robin (D:4)
  A howler monkey skeleton (D:4)
  14 gnolls
  9 adders
  2 white imps
  2 ufetubi
  4 dart slugs
  4 ribbon worms
  32 orcs
  17 bats
  4 endoplasms
  5 giant cockroaches
  11 hobgoblins
  2 jackals (D:5)
  5 quokkas
  8 ball pythons
  2 frilled lizards (D:1)
  16 goblins
  21 kobolds
  5 rats
285 creatures vanquished.

Notes
Turn   | Place    | Note
-------+----------+-------------------------------------------
     0 | D:1      | sleeves the Coglin Hexslinger began the quest for the Orb.
     0 | D:1      | Reached XP level 1. HP: 15/15 MP: 2/2
    33 | D:1      | Reached skill level 2 in Ranged Weapons
    44 | D:1      | Reached XP level 2. HP: 21/21 MP: 3/3
   164 | D:1      | Reached skill level 3 in Ranged Weapons
   183 | D:1      | Reached XP level 3. HP: 26/26 MP: 4/4
   516 | D:1      | Learned a level 2 spell: Jinxbite
   589 | D:1      | Reached XP level 4. HP: 28/32 MP: 5/5
   912 | D:2      | Reached skill level 4 in Ranged Weapons
  1055 | D:2      | Identified the ring "Jucagaeg" {rF+ rC+ rN+ Int-2 Slay+3}
  1520 | D:3      | Reached XP level 5. HP: 37/37 MP: 6/6
  1558 | D:3      | HP: 15/37 [howler monkey (6)]
  1565 | D:2      | Reached skill level 5 in Ranged Weapons
  1987 | D:3      | Found a snail-covered altar of Cheibriados.
  2299 | D:3      | HP: 18/37 [orc wizard/+1 dagger of holy wrath (3)]
  2301 | D:3      | Reached XP level 6. HP: 21/43 MP: 7/7
  2475 | D:4      | Noticed Ijyb
  2629 | D:4      | HP: 20/43 [Ijyb/puff of flame (3)]
  2630 | D:4      | Killed Ijyb
  2631 | D:4      | Reached skill level 6 in Ranged Weapons
  2761 | D:4      | Found an iron altar of Okawaru.
  2769 | D:4      | Noticed a black bear
  2805 | D:4      | Became a worshipper of Warmaster Okawaru
  2997 | D:4      | Noticed Robin
  3227 | D:4      | Reached XP level 7. HP: 27/48 MP: 8/8
  3361 | D:4      | Killed Robin
  3368 | D:4      | Reached skill level 7 in Ranged Weapons
  3475 | D:4      | Noticed Blork the orc
  3510 | D:4      | Killed Blork the orc
  3763 | D:4      | Reached * piety under Okawaru
  3916 | D:5      | Entered Level 5 of the Dungeon
  4030 | D:5      | HP: 24/48 [centaur/arrow (8)]
  4284 | D:5      | Reached skill level 8 in Ranged Weapons
  4323 | D:5      | Reached XP level 8. HP: 54/54 MP: 9/9
  4612 | D:5      | Reached skill level 9 in Ranged Weapons
  5068 | D:6      | Found a hazy altar of Hepliaklqana.
  5138 | D:6      | Reached ** piety under Okawaru
  5166 | D:6      | Found Gozag's Platinum Reserve.
  5169 | D:6      | Got the Omnibus of the Glamourous Geodesic
  5176 | D:6      | Found an opulent altar of Gozag.
  5303 | D:6      | Found a hide-covered altar of Uskayaw.
  5315 | D:6      | Noticed Dowan
  5382 | D:6      | Noticed Duvessa
  5434 | D:7      | Found a white marble altar of Elyvilon.
  5455 | D:7      | Reached skill level 10 in Ranged Weapons
  5688 | D:6      | Killed Duvessa
  5689 | D:6      | Reached XP level 9. HP: 59/59 MP: 10/10
  5701 | D:6      | Killed Dowan
  5702 | D:6      | Reached skill level 2 in Dodging
  5869 | D:7      | Found a staircase to the Ecumenical Temple.
  6013 | D:7      | Found Nvey's Needful Niceties.
  6161 | D:7      | Reached skill level 3 in Dodging
  6206 | D:7      | Found a runed translucent door.
  6208 | D:7      | Found a runed translucent door.
  6380 | D:7      | Reached skill level 11 in Ranged Weapons
  6414 | D:7      | Noticed Jeremiah
  6451 | D:7      | Reached *** piety under Okawaru
  6463 | D:7      | Killed Jeremiah
  6464 | D:7      | Reached skill level 4 in Dodging
  6527 | D:7      | Found a sparkling altar of Nemelex Xobeh.
  6653 | D:7      | Found a shadowy altar of Dithmenos.
  7098 | D:8      | Reached skill level 5 in Dodging
  7178 | D:8      | Reached **** piety under Okawaru
  7226 | D:8      | Reached XP level 10. HP: 65/65 MP: 11/11
  7341 | D:8      | Found a glowing golden altar of the Shining One.
  7631 | D:8      | Reached skill level 12 in Ranged Weapons
  7631 | D:8      | Reached skill level 6 in Dodging
  7788 | D:8      | Found a runed translucent gate.
  7788 | D:8      | Found a runed translucent gate.
  7789 | D:8      | Found a runed translucent gate.
  7791 | D:8      | Noticed jasper's ghost (journeyman GnFi)
  8315 | D:9      | Found a runed translucent door.
  8315 | D:9      | Found a shimmering altar of Xom.
  8315 | D:9      | Noticed jamsaran's ghost (novice DgFE)
  8316 | D:9      | Noticed a +1 scimitar of chaos
  8490 | D:9      | Found a shimmering altar of Xom.
  8515 | D:9      | HP: 30/65 [killer bee (6)]
  8697 | D:9      | Reached skill level 7 in Dodging
  8701 | D:9      | Reached ***** piety under Okawaru
  8788 | D:9      | Reached skill level 1 in Invocations
  9059 | D:9      | Reached skill level 2 in Invocations
  9063 | D:9      | Reached XP level 11. HP: 70/70 MP: 12/12
  9077 | D:9      | Received a gift from Okawaru
  9366 | D:9      | Found a runed translucent door.
  9391 | D:9      | Found an ancient bone altar of Kikubaaqudgha.
  9396 | D:9      | Reached skill level 8 in Dodging
  9428 | D:9      | Found a shimmering altar of Xom.
  9436 | D:9      | Found a glowing golden altar of the Shining One.
  9439 | D:9      | Found an opulent altar of Gozag.
  9458 | D:9      | Reached skill level 13 in Ranged Weapons
  9458 | D:9      | Reached skill level 3 in Invocations
  9530 | D:9      | Found a broken altar of Ashenzari.
  9540 | D:9      | Found a shimmering blue altar of Sif Muna.
  9673 | D:9      | HP: 29/70 [yak (7)]
  9940 | D:9      | Noticed a flayed ghost
  9984 | D:10     | Entered Level 10 of the Dungeon
  9984 | D:10     | Noticed a two-headed ogre
  9990 | D:10     | Killed a two-headed ogre
 10106 | D:10     | Found a burning altar of Makhleb.
 10239 | D:10     | Reached skill level 4 in Invocations
 10253 | D:10     | Noticed Maggie
 10261 | D:10     | Killed Maggie
 10269 | D:10     | Received a gift from Okawaru
 10296 | D:10     | HP: 32/70 [something (9)]
 10465 | D:10     | You fall into a shaft and drop 3 floors!
 10538 | D:12     | Noticed a deep elf pyromancer
 10796 | D:11     | HP: 32/70 [meliai/+0 war axe (14)]
 10798 | D:11     | HP: 1/70 [meliai/+0 war axe (18)]
 10803 | D:11     | HP: 14/70 [poisoned by a meliai]
 10808 | D:11     | HP: 11/70 [poisoned by a meliai]
 10808 | D:11     | Killed from afar by a meliai

Illustrated notes

Levels and vault maps discovered:
D:1:      lightli_arrival_windingriver, layout_basic
D:2:      layout_basic
D:3:      layout_loops_ring, mainiacjoe_overflow_small_starburst,
          minmay_close_crescents
D:4:      layout_loops_corners, okawaru_trees_2, serial_undead, serial_undead_a,
          serial_undead_e, serial_undead_b, serial_undead_e, uniq_blork_the_orc,
          uniq_ijyb, uniq_robin
D:5:      layout_cave_pools, serial_column_ruins, column_ruins_pillar_4,
          column_ruins_pillar_2, column_ruins_pillar_3, column_ruins_pillar_3,
          column_ruins_pillar_9, column_ruins_pillar_1, column_ruins_pillar_2,
          column_ruins_pillar_4, column_ruins_pillar_7, column_ruins_pillar_10,
          column_ruins_pillar_3, column_ruins_pillar_4, column_ruins_pillar_4
D:6:      layout_rooms, nicolae_gozag_zags_fifth_avenue,
          worldfamousw_hep_ancestral_shrine, mainiacjoe_overflow_alcove_2,
          uniq_duvessa
D:7:      lemuel_insect_pit, layout_layer_cave, elyvilon_altar_5,
          nemelex_dance_club_becter, mainiacjoe_overflow_catwalk,
          minmay_temple_entry_crystal_x, serial_glass, glass_columns_a,
          glass_columns_a, glass_columns_a, glass_columns_a, glass_columns_b,
          glass_columns_b, glass_columns_b, glass_columns_a, hex_large,
          nicolae_alphabet_shops, uniq_jeremiah
D:8:      layout_cave_pods, nicolae_tso_carved_into_rock,
          gammafunk_ghost_spectres, kennysheep_boxes
D:9:      due_megacathedral, layout_basic, xom_redecorated, ebering_ghost_xom,
          minmay_diced_spiral
D:10:     layout_basic, mainiacjoe_overflow_cross_hatched,
          mainiacjoe_overflow_tiny_flanked, hellmonk_lair_entry_icy,
          nrook_mini_backslash, water_boxes_lemuel, uniq_maggie, uniq_lodul
D:11:     minmay_the_grid_4x2 [minmay_the_grid_eight,
          minmay_the_grid_pillar_ring, minmay_the_grid_holed_spiral,
          minmay_the_grid_dragon_b, minmay_the_grid_dragon_a,
          minmay_the_grid_tree, minmay_the_grid_stretched_grid,
          minmay_the_grid_prize_diamond_cup], layout_basic,
          minmay_misc_feat_rugged, uniq_urug, uniq_psyche
D:12:     layout_loops_ring, erik_orc_4, gauntlet_entry_generic
D:13:     layout_irregular_city

Skill      XL: |  1  2  3  4  5  6  7  8  9 10 11 |
---------------+----------------------------------+-----
Ranged Weapons | 2 3 4 5 6 8 10 11 12 13 | 13.5
Dodging        | 5 7 8 |  8.9
Invocations    | 2 4 |  4.5
Fighting       | |  1.0
Spellcasting   | |  1.0
Hexes          | |  2.6
Fire Magic     | |  0.8

Action                     |  1- 3 |  4- 6 |  7- 9 | 10-12 || total
---------------------------+-------+-------+-------+-------++-------
   Fire: Sling             |    95 |   226 |   456 |   594 ||  1371
   Cast: Jinxbite          |       |       |       |     2 ||     2
 Invoke: Heroism           |       |       |       |     1 ||     1
    Use: Scroll            |       |       |       |     4 ||     4
         Potion            |       |       |       |     4 ||     4
 Armour: Robe              |    27 |    26 |     3 |    69 ||   125
         Leather armour    |       |    40 |    56 |       ||    96
  Dodge: Dodged            |    18 |    40 |    64 |    86 ||   208

Table legend: (Time is in decaauts)
 A = Elapsed time spent in this place.
 B = Non-inter-level travel time spent in this place.
 C = Inter-level travel time spent in this place.
 D = Time resting spent in this place.
 E = Time spent auto-exploring this place.
 F = Levels seen in this place.
 G = Mean time per level.
                   A        B        C        D        E       F      G
               +--------+--------+--------+--------+--------+-----+--------+
         Total |  11133 |   9957 |   1176 |    735 |   7412 |  13 |  856.4 |
       Dungeon |  11133 |   9957 |   1176 |    735 |   7412 |  13 |  856.4 |
               +--------+--------+--------+--------+--------+-----+--------+

Top non-repeatable levels by time:
     D:9: 1728 daAuts
     D:4: 1684 daAuts
     D:7: 1310 daAuts
     D:8: 1201 daAuts
     D:3: 1073 daAuts
     D:2: 909 daAuts
     D:1: 839 daAuts
     D:6: 833 daAuts
     D:5: 776 daAuts
    D:10: 429 daAuts
    D:11: 230 daAuts
    D:12: 108 daAuts
    D:13: 6 daAuts
